 Dungeon Crawl Stone Soup version 0.17.1-3-g152610e (webtiles) character file.

849 Grim the Fighter (level 8, -17/91 HPs)
             Began as an Ogre Fighter on Mar 1, 2016.
             Was an Initiate of the Shining One.
             Demolished by a troll (19 damage)
             ... on level 5 of the Dungeon.
             The game lasted 00:12:11 (5964 turns).

Grim the Fighter (Ogre Fighter)                     Turns: 5964, Time: 00:12:11

Health: -17/91     AC:  4    Str: 27    XL:     8   Next: 1%
Magic:  27/27      EV:  8    Int:  5    God:    the Shining One [......]
Gold:   227        SH:  9    Dex: 11    Spells: 0 memorised, 7 levels left

rFire  . . .     SeeInvis .     a - +0 flail
rCold  . . .     Clarity  .     t - +1 robe of the Beggar {rN+ Regen+ MP+9 Int-2}
rNeg   + . .     SustAt   .     c - +0 shield
rPois  .         Gourm    .     (helmet restricted)
rElec  .         Spirit   .     (no cloak)
rCorr  .         Warding  .     (gloves unavailable)
rMut   .         Stasis   .     (boots unavailable)
MR     .....                    (no amulet)
Stlth  +.........               (no ring)
                                k - ring of magical power

@: mighty, not resistant to hostile enchantments, very unstealthy
A: unfitting armour, tough skin 1
a: Renounce Religion


You were on level 5 of the Dungeon.
You worshipped the Shining One.
The Shining One was noncommittal.
You were hungry.

You visited 2 branches of the dungeon, and saw 6 of its levels.

You collected 227 gold pieces.

Inventory:

Hand Weapons
 a - a +0 flail (weapon)
 w - a cursed -3 giant club
Armour
 c - a +0 shield (worn)
 t - the +1 robe of the Beggar (worn) {rN+ Regen+ MP+9 Int-2}
   (You found it on level 4 of the Dungeon)

   It affects your intelligence (-2).
   It protects you from negative energy.
   It affects your magic capacity (+9).
   It increases your rate of regeneration.
Jewellery
 b - an uncursed ring of fire {unknown}
 k - a ring of magical power (left hand)
Scrolls
 d - a scroll of enchant weapon {unknown}
 g - a scroll of magic mapping {unknown}
 j - a scroll of enchant armour {unknown}
 m - 2 scrolls of noise {unknown}
 o - 2 scrolls of remove curse {unknown}
 s - a scroll of recharging {unknown}
 v - a scroll of teleportation {unknown}
 x - a scroll of amnesia {unknown}
Potions
 f - 2 potions of resistance
 h - a potion of flight
 n - a potion of magic
 r - a potion of might
 u - a potion of degeneration {unknown}
Comestibles
 e - 3 bread rations
 i - 4 meat rations
 l - 2 slices of pizza
 q - 2 fruits


   Skills:
 * Level 8.8 Fighting
 * Level 8.0 Maces & Flails
 - Level 2.6 Dodging
 - Level 2.6 Shields
 + Level 2.5 Invocations


You had 7 spell levels left.
You didn't know any spells.

Dungeon Overview and Level Annotations

Branches:
Dungeon (5/15)             Temple (1/1) D:4

Altars:
Dithmenos
Elyvilon
Gozag
Kikubaaqudgha
Makhleb
Nemelex Xobeh
Okawaru
Qazlal
Sif Muna
Vehumet
Zin
The Shining One


Innate Abilities, Weirdness & Mutations

You are too large for most types of armour.
You have tough skin (AC +1).


Message History

The troll bites you!!
* * * LOW HITPOINT WARNING * * *
The troll completely misses you. You block the troll's attack.
Drink which item? (? for menu, Esc to quit)
It was a potion of curing.
You feel better. The troll bites you!
* * * LOW HITPOINT WARNING * * *
The troll claws you but does no damage. You block the troll's attack.
Drink which item? (? for menu, Esc to quit)
You feel better. The troll bites you!
* * * LOW HITPOINT WARNING * * *
The troll claws you but does no damage. The troll barely misses you.
Drink which item? (? for menu, Esc to quit)
You feel very mighty all of a sudden. You block the troll's attack. x2
The troll claws you.
* * * LOW HITPOINT WARNING * * *
You sock the troll!
The troll is almost dead.
The troll bites you!!
You die...

########......#.##......##.###
#........####.#.##......##....
##.##########.#.........'.....
#.#...#.........#......######
#.#.#.....##.#..######## #
#.#.#...........# #
#.#.#.....##....# #####
#.#.#..().##....# #....
#.#.#.#.#.##@...# #....
#.#...#.#.##T...# #....
#.###.#.#.#.....# #....
#.....#.#.##....# #....
#####.#.#......... +....
#.#.########### #.... #.#..
##### #.### #.#


You could see a troll.

Vanquished Creatures
  Sigmund (D:2)
  An ogre (D:4)
  A scorpion (D:4)
  A crimson imp (D:5)
  A jelly (D:5)
  A giant frog skeleton (D:4)
  A hound (D:5)
  An orc priest (D:3)
  4 worker ants
  2 iguanas
  An orc wizard (D:3)
  A hound skeleton (D:5)
  Robin (D:2)
  9 adders
  2 oozes
  3 worms
  8 giant geckos
  8 orcs
  15 goblins
  19 hobgoblins
  15 kobolds
  A quokka (D:3)
  4 bats
  4 giant cockroaches
  6 giant newts
  4 jackals (D:1)
  8 rats
123 creatures vanquished.

Notes
Turn   | Place    | Note
--------------------------------------------------------------
     0 | D:1      | Grim the Ogre Fighter began the quest for the Orb.
     0 | D:1      | Reached XP level 1. HP: 24/24 MP: 1/1
   378 | D:1      | Reached XP level 2. HP: 30/33 MP: 2/2
   988 | D:1      | Reached XP level 3. HP: 41/41 MP: 3/3
  1139 | D:1      | Reached skill level 5 in Fighting
  1744 | D:2      | Noticed Robin
  1754 | D:2      | Killed Robin
  1754 | D:2      | Reached XP level 4. HP: 40/50 MP: 4/4
  1992 | D:2      | Noticed Sigmund
  2007 | D:2      | Killed Sigmund
  2007 | D:2      | Reached skill level 6 in Fighting
  2007 | D:2      | Reached skill level 5 in Maces & Flails
  2007 | D:2      | Reached XP level 5. HP: 31/61 MP: 5/5
  2007 | D:2      | Reached XP level 6. HP: 34/68 MP: 6/6
  2883 | D:3      | Reached skill level 7 in Fighting
  3176 | D:3      | Found a burning altar of Makhleb.
  3235 | D:3      | Found a sparkling altar of Nemelex Xobeh.
  4447 | D:4      | Found a staircase to the Ecumenical Temple.
  4626 | D:4      | Got a sheer robe
  4637 | D:4      | Identified the +1 robe of the Beggar {rN+ Regen+ MP+9 Int-2} (You found it on level 4 of the Dungeon)
  4685 | Temple   | Entered the Ecumenical Temple
  4718 | Temple   | Became a worshipper of the Shining One
  4786 | D:4      | Reached XP level 7. HP: 79/79 MP: 7/7
  5039 | D:4      | Reached skill level 8 in Fighting
  5120 | D:4      | Reached skill level 1 in Invocations
  5676 | D:5      | Entered Level 5 of the Dungeon
  5922 | D:5      | Reached XP level 8. HP: 88/91 MP: 9/9
  5951 | D:5      | Noticed a troll
  5961 | D:5      | HP: 4/91 [troll (11)]
  5964 | D:5      | Demolished by a troll

Action                   |  1- 3 |  4- 6 |  7- 9 || total
-------------------------+-------+-------+-------++-------
Melee: Flail             |   122 |   227 |   114 ||   463
  Use: Potion            |       |     1 |     3 ||     4
       Scroll            |       |     3 |       ||     3
 Stab: Sleeping          |     1 |     2 |     1 ||     4
  Eat: Chunk             |     1 |    10 |     5 ||    16
